 Dungeon Crawl Stone Soup version 0.31-a0-746-ge8284cb111 (webtiles) character file.

Game seed: 17258645830848874334

116 MacCMillion the Slasher (level 5, -1/30 HPs)
             Began as a Tengu Gladiator on Sept 14, 2023.
             Slain by Pargi (5 damage)
             ... on level 3 of the Dungeon.
             The game lasted 00:02:28 (1802 turns).

MacCMillion the Slasher (Tengu Gladiator)           Turns: 1802, Time: 00:02:29

Health: -1/30      AC:  3    Str: 15    XL:     5   Next: 0%
Magic:  6/6        EV: 13    Int:  8    God:
Gold:   155        SH:  0    Dex: 17    Spells: 4/4 levels left

rFire   . . .        a - +0 long sword
rCold   . . .        (no shield)
rNeg    . . .        b - +0 leather armour
rPois   .            c - +0 hat
rElec   .            (no cloak)
rCorr   .            (no gloves)
SInv    .            (boots unavailable)
Will    .....        (no amulet)
Stlth   +            (no ring)
HPRegen 0.25/turn    (no ring)
MPRegen 0.10/turn

%: acrobat
@: no status effects
A: beak, talons 3, acrobatic
a: no special abilities


You were on level 3 of the Dungeon.
You visited 1 branch of the dungeon, and saw 3 of its levels.

You collected 155 gold pieces.

Inventory:

Hand Weapons
 a - a +0 long sword (weapon)
Missiles
 d - 3 throwing nets (quivered)
 e - a javelin
Armour
 b - a +0 leather armour (worn)
 c - a +0 hat (worn)
Scrolls
 f - 2 scrolls of teleportation {unknown}
 g - a scroll of noise {unknown}
 h - a scroll of torment {unknown}
 i - a scroll of amnesia {unknown}
 k - 2 scrolls of identify {unknown}
 l - a scroll of poison {unknown}
 m - a scroll of vulnerability {unknown}
 p - a scroll of fog {unknown}
 r - a scroll of fear {unknown}
Potions
 j - 2 potions of ambrosia {unknown}
 n - a potion of brilliance {unknown}
 o - a potion of haste {unknown}
 q - a potion of might {unknown}


   Skills:
 - Level 2.0 Fighting
 + Level 6.1 Long Blades
 - Level 2.0 Throwing
 - Level 3.2 Dodging


You had 4 spell levels left.
You didn't know any spells.
Your spell library was empty.

Dungeon Overview and Level Annotations

Branches:
Dungeon (3/15)

Altars:

Annotations:
D:3 Grinder, Pargi


Innate Abilities, Weirdness & Mutations

You have a beak for a mouth.
You have claws for feet.
You can magically evade attacks while moving or waiting.


Message History

You are too injured to fight recklessly!
You closely miss Jessica. You claw Jessica, but do no damage.
Jessica points at you and mumbles some strange words.
You barely resist. You slash Jessica!
You kill Jessica!
Your Long Blades skill increases to level 6!
You have reached level 5!
You barely miss Pargi. Pargi closely misses you.
Pargi claws you but does no damage. x2
You closely miss Pargi. You claw Pargi.
Pargi is lightly wounded.
Pargi closely misses you. x2; Pargi claws you.
Pargi bites you. Pargi barely misses you. Pargi misses you.
You slash Pargi! Your kick misses Pargi.
Pargi is lightly wounded.
Pargi misses you. Pargi closely misses you. Pargi claws you but does no damage.
You hit Pargi. You claw Pargi!
Pargi is moderately wounded.
Pargi closely misses you. x2; Pargi completely misses you.
You hit Pargi. You claw Pargi. Your peck misses Pargi.
Pargi is heavily wounded.
Pargi bites you but does no damage. Pargi barely misses you.
Pargi closely misses you.
You barely miss Pargi. Your kick misses Pargi.
Pargi is heavily wounded.
Pargi closely misses you. Pargi barely misses you.
Pargi claws you but does no damage.
You barely miss Pargi. You peck Pargi, but do no damage.
Pargi is heavily wounded.
Pargi barely misses you. Pargi misses you. Pargi barely misses you.
You completely miss Pargi. Your kick misses Pargi.
Pargi is heavily wounded.
Pargi bites you!
* * * LOW HITPOINT WARNING * * *
Pargi barely misses you. Pargi closely misses you.
You hit Pargi. You claw Pargi. You peck Pargi.
Pargi is heavily wounded.
Pargi bites you.
You die...

. .# . .# .#.# .... #.
K......# #... ###.###
......# #... .......
##.#.##.# #... .......
#..#....#####...
.......##.#.#............
.......T@###.............
.......##.#.#............
....... ##.##....#####...
.......###.#..#.## ###...
.............##.# #.....
.#####..##.#.##.# #.#...
#. #.#.##.# #.#... #.
.......# #..... ####.####
#..###


You could see Pargi.

Vanquished Creatures
  Jessica (D:3)
  3 adders
  A worm (D:2)
  An orc (D:3)
  6 bats
  7 endoplasms
  8 goblins
  6 hobgoblins
  3 jackals (D:3)
  2 quokkas (D:2)
  7 ball pythons
  2 frilled lizards
  4 kobolds
  4 rats
55 creatures vanquished.

Notes
Turn   | Place    | Note
-------+----------+-------------------------------------------
     0 | D:1      | MacCMillion the Tengu Gladiator began the quest for the
                  | Orb.
     0 | D:1      | Reached XP level 1. HP: 12/12 MP: 2/2
   231 | D:1      | Reached XP level 2. HP: 17/17 MP: 3/3
   350 | D:1      | Reached skill level 4 in Long Blades
   780 | D:2      | Reached XP level 3. HP: 21/21 MP: 4/4
   921 | D:2      | Reached skill level 5 in Long Blades
  1085 | D:2      | Reached XP level 4. HP: 26/26 MP: 5/5
  1599 | D:3      | Noticed Grinder
  1634 | D:3      | Found a faded altar of an unknown god.
  1787 | D:3      | Noticed Pargi
  1787 | D:3      | Noticed Jessica
  1793 | D:3      | Killed Jessica
  1794 | D:3      | Reached skill level 6 in Long Blades
  1794 | D:3      | Reached XP level 5. HP: 15/30 MP: 6/6
  1802 | D:3      | Slain by Pargi

Illustrated notes

Levels and vault maps discovered:
D:1:      psy_arrival_radial02, layout_loops_ring
D:2:      minmay_spotlight, layout_loops_ring, st_stairs_1
D:3:      layout_loops_cross, basic_ecumenical_altar, serial_shops, shop,
          uniq_grinder, uniq_pargi, uniq_jessica

Skill      XL: |  1  2  3  4 |
---------------+-------------+-----
Long Blades    | 4 5 6 |  6.1
Fighting       | |  2.0
Throwing       | |  2.0
Dodging        | |  3.2

Action                     |  1- 3 |  4- 6 || total
---------------------------+-------+-------++-------
  Melee: Long sword        |    77 |    39 ||   116
         Kick              |    21 |    11 ||    32
         Peck              |    10 |     4 ||    14
   Stab: Sleeping          |       |     1 ||     1
 Armour: Leather armour    |    30 |    21 ||    51
  Dodge: Dodged            |    61 |    43 ||   104

Table legend: (Time is in decaauts)
 A = Elapsed time spent in this place.
 B = Non-inter-level travel time spent in this place.
 C = Inter-level travel time spent in this place.
 D = Time resting spent in this place.
 E = Time spent auto-exploring this place.
 F = Levels seen in this place.
 G = Mean time per level.
                   A        B        C        D        E       F      G
               +--------+--------+--------+--------+--------+-----+--------+
         Total |   1819 |   1740 |     79 |     48 |   1338 |   3 |  606.3 |
       Dungeon |   1819 |   1740 |     79 |     48 |   1338 |   3 |  606.3 |
               +--------+--------+--------+--------+--------+-----+--------+

Top non-repeatable levels by time:
     D:2: 841 daAuts
     D:1: 733 daAuts
     D:3: 244 daAuts
